 Dungeon Crawl Stone Soup version 0.17.0-24-gcfadda4 (webtiles) character file.

252441 xeno23 the Stormcaller (level 19, 0/122 HPs)
             Began as a Tengu Air Elementalist on Nov 14, 2015.
             Was the Champion of Vehumet.
             Slain by a boulder beetle (41 damage)
             ... on level 1 of the Vaults on Nov 15, 2015.
             The game lasted 06:35:14 (47733 turns).

xeno23 the Stormcaller (Tengu Air Elementalist)    Turns: 47733, Time: 06:35:14

Health: 0/122      AC:  8    Str: 11    XL:     19   Next: 69%
Magic:  3/39       EV: 25    Int: 29    God:    Vehumet [******]
Gold:   2553       SH:  8    Dex: 13    Spells: 11 memorised, 8 levels left

rFire  + + +     SeeInvis +     q - +3 demon trident (venom)
rCold  + + .     Clarity  .     O - +2 robe {rC+ rF+}
rNeg   . . .     SustAt   .     M - +3 buckler
rPois  +         Gourm    .     (helmet restricted)
rElec  +         Spirit   .     U - +2 cloak of the Thief {+Fog Slay-2 SInv Stlth+}
rCorr  .         Warding  .     Q - +0 pair of gloves "Giecwull" {+Fly rElec rF+ Int-3}
rMut   +         Stasis   .     (boots unavailable)
MR     +....                    m - amulet of resist mutation
Stlth  +++.......               P - ring of Dyocwi {rPois rF+ MP-9 Int+3 Dex+3}
                                i - ring "Nuix" {+Inv rC+ MP+9 Int+8 Dex-5}

@: flying quickly and evasively, very slightly contaminated, repel missiles,
quick, somewhat resistant to hostile enchantments, fairly stealthy
A: beak, talons 3, able to fly 2
a: Stop Flying, Renounce Religion, Evoke Fog, Evoke Invisibility
}: 2/15 runes: decaying, gossamer


You were on level 1 of the Vaults.
You worshipped Vehumet.
Vehumet was exalted by your worship.
You were hungry.

You visited 7 branches of the dungeon, and saw 37 of its levels.
You also visited: Labyrinth and Ice Cave.

You collected 3766 gold pieces.
You spent 1213 gold pieces at shops.

Inventory:

Hand Weapons
 q - a +3 demon trident of venom (weapon)
 K - the +10 long sword of Ytruniti {freeze, *Rage +Blink rF++ rN+}
   (You found it on level 15 of the Dungeon)

   It has been specially enchanted to freeze those struck by it, causing extra
   injury to most foes and up to half again as much damage against particularly
   susceptible opponents.
   It can also slow down cold-blooded creatures.
   It greatly protects you from fire.
   It protects you from negative energy.
   It lets you blink.
   It may make you go berserk in combat.
Missiles
 C - 3 poisoned javelins (quivered)
Armour
 c - a +1 robe of magic resistance
 M - a +3 buckler (worn)
 O - a +2 robe of resistance (worn)
 Q - the +0 pair of gloves "Giecwull" (worn) {+Fly rElec rF+ Int-3}
   (You found it in an ice cave)

   It affects your intelligence (-3).
   It protects you from fire.
   It insulates you from electricity.
   It lets you fly.
 U - the +2 cloak of the Thief (worn) {+Fog Slay-2 SInv Stlth+}
   (You found it in a labyrinth)

   It affects your accuracy and damage with ranged weapons and melee attacks
   (-2).
   It lets you see invisible.
   It can be evoked to emit clouds of fog.
   It makes you more stealthy.
Magical Staves
 b - an uncursed staff of air
Jewellery
 i - the ring "Nuix" (left hand) {+Inv rC+ MP+9 Int+8 Dex-5}
   (You bought it in a shop on level 8 of the Dungeon)

   [ring of protection from cold]

   It affects your intelligence (+8).
   It affects your dexterity (-5).
   It protects you from cold.
   It affects your magic capacity (+9).
   It lets you turn invisible.
 m - an amulet of resist mutation (around neck)
 n - an uncursed amulet of warding
 w - a +3 ring of intelligence
 P - the ring of Dyocwi (right hand) {rPois rF+ MP-9 Int+3 Dex+3}
   (You found it on level 4 of the Lair of Beasts)

   [ring of poison resistance]

   It affects your intelligence (+3).
   It affects your dexterity (+3).
   It protects you from fire.
   It protects you from poison.
   It affects your magic capacity (-9).
 S - an uncursed amulet of stasis
Wands
 g - a wand of fire (6)
 l - a wand of teleportation (3)
 y - a wand of heal wounds (3)
 z - a wand of digging (10)
 N - a wand of cold (6)
Scrolls
 d - a scroll of silence
 e - 12 scrolls of remove curse
 j - 3 scrolls of magic mapping
 k - 4 scrolls of teleportation
 o - a scroll of summoning
 s - a scroll of enchant weapon
 t - a scroll of fog
 E - a scroll of fear
 F - 3 scrolls of recharging
 I - a scroll of brand weapon
 L - a scroll of identify
 R - a scroll of enchant armour
 Y - 3 scrolls of blinking
Potions
 f - 6 potions of brilliance
 h - 17 potions of curing
 p - 6 potions of might
 r - 6 potions of magic
 u - 3 potions of heal wounds
 x - 2 potions of cancellation
 A - 6 potions of agility
 D - 4 potions of haste
 G - 4 potions of ambrosia
 H - 2 potions of invisibility
Miscellaneous
 J - a fan of gales
Comestibles
 v - 30 fruits
 B - 11 meat rations
 X - 6 slices of pizza


   Skills:
 + Level 14.7 Fighting
 * Level 6.0(6.1) Polearms
 - Level 1.5(4.1) Staves
 + Level 16.1 Dodging
 - Level 2.0 Stealth
 - Level 4.3 Shields
 + Level 15.9 Spellcasting
 + Level 17.5 Conjurations
 - Level 5.1 Ice Magic
 + Level 17.9 Air Magic


You had 8 spell levels left.
You knew the following spells:

 Your Spells              Type           Power        Failure   Level  Hunger
a - Shock                 Conj/Air       ####         0%          1    None
b - Swiftness             Chrm/Air       ######..     1%          2    None
c - Conjure Ball Lightni  Conj/Air       #######...   1%          6    ###....
d - Mephitic Cloud        Conj/Pois/Air  ######..     1%          3    None
e - Regeneration          Chrm/Necr      ###.......   10%         3    None
f - Conjure Flame         Conj/Fire      ######..     1%          3    None
q - Static Discharge      Conj/Air       #######.     0%          3    None
r - Repel Missiles        Chrm/Air       ######       1%          2    None
s - Freezing Cloud        Conj/Ice/Air   #######...   1%          6    ###....
w - Lightning Bolt        Conj/Air       #######...   1%          5    None
x - Orb of Destruction    Conj           #######...   1%          7    #####..


Dungeon Overview and Level Annotations

Branches:
Dungeon (15/15)            Temple (1/1) D:6            Lair (8/8) D:8
  Swamp (4/4) Lair:5       Spider (4/4) Lair:3        Slime (0/6) Lair:7
    Orc (4/4) D:12            Elf (0/3) Orc:4        Vaults (1/5) D:14
 Depths (0/5) D:15

Altars:
Ashenzari
Cheibriados
Dithmenos
Elyvilon
Fedhas
Gozag
Kikubaaqudgha
Makhleb
Nemelex Xobeh
Okawaru
Qazlal
Ru
Sif Muna
Trog
Vehumet
Xom
Yredelemnul
Zin
The Shining One
Beogh
Jiyva

Shops:
D:7 :   D:8 =   D:10 %   Orc:1 !   Orc:3 }   Orc:4 !(([

Annotations:
D:8 exclusion: downstairs
Lair:2 exclusion: downstairs
Lair:5 tp1's ghost, journeyman DECj


Innate Abilities, Weirdness & Mutations

You have a beak for a mouth.
You have claws for feet.
You can fly continuously.


Message History

You block the fire dragon's attack. The fire dragon misses you.
The fire dragon misses you.
You take 31 damage.
Read which item? (? for menu, Esc to quit)
Blink to where?
Press: ? - help, Dir - move target cursor, p - boggart You are very lightly contaminated with residual magic.
As you read the scroll of blinking, it crumbles to dust.
A boulder beetle comes into view.
The boggart misses you.
The boggart casts a spell.
The boulder beetle twitches its antennae in your direction.
Found a ring mail.
Evoke which item? (* to show all) (? for menu, Esc to quit)
Zapping:
y - a wand of heal wounds (4)
Press: ? - help, Shift-Dir - straight line, f - you You feel much better.
This wand has 3 charges left.
The boggart hits you but does no damage.
The boulder beetle bites you!!!
You die...

... ##'##
#..[# ... .#
..! @.
#'#####'###'##
.....#...#...#
.....'.@gp...#
#'####DgB#...#
##'#########
#.(((..(.(#
#.†.......#
#......O(.#
#.)..)....#
#.)...§§§.#
#....§§§§.#


You could see a fire dragon, a boulder beetle, an ironbrand convoker and 2
boggarts.

Vanquished Creatures
  Mara (Swamp:3)
  Nikola (Vaults:1)
  A bone dragon (Swamp:4)
  A tentacled monstrosity (Swamp:3)
  Rupert (D:12)
  Frances (D:12)
  A thorn hunter (Swamp:3)
  Kirke (D:12)
  6 ghost moths
  A vault warden (Vaults:1)
  Donald (Swamp:3)
  Louise (Spider:4)
  An orc warlord (Orc:4)
  4 emperor scorpions (Spider:4)
  A stone giant (Vaults:1)
  The ghost of BLOAX the Unseen, a journeyman FeCK of Xom (Vaults:1)
  2 blizzard demons (IceCv)
  An ettin (Vaults:1)
  Snorg (Lair:3)
  A minotaur (Lab)
  4 vault guards (D:14)
  Josephine (D:13)
  A great orb of eyes (Vaults:1)
  A yaktaur captain (D:15)
  5 entropy weavers
  Harold (Lair:1)
  17 hydras
  3 centaur warriors
  The ghost of tp1 the Destroyer, a journeyman DECj of Vehumet (Lair:6)
  A deep troll shaman (Lair:8)
  5 ghost crabs
  2 catoblepae
  2 ogre magi
  26 death yaks
  A tengu warrior (D:13)
  9 alligators
  A death drake (Swamp:4)
  5 skeletal warriors (D:15)
  5 ice devils (IceCv)
  4 spriggan druids
  A deep troll (Vaults:1)
  An unseen horror (D:15)
  3 swamp dragons
  5 shambling mangroves
  A harpy (shapeshifter) (D:15)
  An ironbrand convoker (Vaults:1)
  4 spectral hydras (Swamp:4)
  Pikel (D:6)
  An unseen horror (shapeshifter) (Vaults:1)
  5 orc knights
  13 orb spiders
  2 wizards (D:14)
  7 ugly things
  3 hill giants
  30 wolf spiders
  2 cyclopes
  An oklob plant (Lair:7)
  3 griffons
  8 hornets
  An orc sorcerer (Orc:4)
  A moth of wrath (Spider:3)
  2 black mambas
  21 elephants
  Joseph (D:9)
  An ice statue (IceCv)
  A molten gargoyle (Lair:7)
  4 torpor snails
  20 spiny frogs
  7 gargoyles
  4 swamp worm zombies (Swamp:4)
  2 yaktaurs
  2 fire drakes
  6 anaconda simulacra (IceCv)
  9 komodo dragons
  4 hydra zombies (Swamp:4)
  2 efreet (D:15)
  16 demonic crawlers
  5 two-headed ogres
  5 freezing wraiths (IceCv)
  8 trolls
  A polar bear (Lair:6)
  26 jumping spiders
  14 bog bodies
  A golden dragon simulacrum (IceCv)
  A hornet zombie (D:15)
  6 giant leeches
  A spectral swamp dragon (Swamp:4)
  19 slime creatures
  2 alligator zombies (Swamp:4)
  A raiju (shapeshifter) (D:14)
  12 spriggans
  A deep elf mage (D:11)
  32 trapdoor spiders
  44 redbacks
  31 tarantellas
  18 blink frogs
  2 shadows
  6 wyverns
  6 wraiths (D:13)
  2 hungry ghosts
  A vampire (D:15)
  3 hogs (D:12)
  70 yaks
  7 basilisks
  2 death yak simulacra (IceCv)
  4 fire bats (Lair:7)
  4 harpy simulacra (IceCv)
  A soldier ant (D:9)
  15 hippogriffs
  18 insubstantial wisps
  18 swamp worms
  2 iron troll simulacra (IceCv)
  3 mottled dragons
  4 hydra simulacra (IceCv)
  15 wolves
  3 wargs
  25 vampire mosquitoes
  14 water moccasins
  34 orc warriors
  A hell hound (D:14)
  6 ice beasts
  8 phantoms
  3 swamp drakes
  An ettin simulacrum (IceCv)
  4 centaurs
  An ogre (shapeshifter) (D:15)
  3 black bears
  11 porcupines
  21 wasps
  27 spiders
  3 swamp dragon zombies (Swamp:4)
  4 boggarts (Vaults:1)
  12 crocodiles
  2 slaves (D:6)
  14 ogres
  5 sky beasts
  3 big kobolds
  A brain worm (D:12)
  20 giant frogs
  A water moccasin zombie (D:9)
  A wyvern zombie (D:6)
  A water moccasin skeleton (D:10)
  8 killer bees
  2 scorpions
  A wyvern skeleton (D:13)
  2 electric eels
  A draconian simulacrum (IceCv)
  2 giant frog zombies
  A quasit (D:10)
  4 centaur skeletons
  6 centaur zombies
  6 crimson imps
  29 orc priests
  3 hounds
  2 jellies
  2 giant frog skeletons
  A wasp zombie (D:8)
  27 orc wizards
  Jessica (D:2)
  5 hell rats (Lair:8)
  10 worker ants
  4 troll simulacra (IceCv)
  3 spriggan simulacra (IceCv)
  7 iguanas
  A centaur simulacrum (IceCv)
  8 sheep
  A hound zombie (D:7)
  2 hound skeletons
  Robin (D:2)
  8 adders
  3 gnolls (D:6)
  3 ogre simulacra (IceCv)
  55 river rats
  3 naga simulacra (IceCv)
  3 swamp drake zombies (Swamp:4)
  3 shadow imps
  17 white imps
  5 ufetubi (IceCv)
  2 oozes
  3 adder skeletons
  3 worms
  10 giant geckos
  206 orcs
  11 giant cockroaches
  14 hobgoblins
  15 jackals
  17 kobolds
  9 quokkas
  8 bats
  2 giant newts
  15 goblins
  A quokka skeleton (D:4)
  9 rats
  14 fungi
  6 plants
1545 creatures vanquished.

Vanquished Creatures (collateral kills)
  A hornet (Spider:4)
  2 wolf spiders
3 creatures vanquished.

Vanquished Creatures (others)
  A hydra (D:15)
  A hill giant (D:14)
  A hornet (Swamp:2)
  100 ball lightnings
  A slime creature (Swamp:3)
  A tarantella (Spider:3)
  A shadow (D:15)
  2 humans (D:12)
  A harpy simulacrum (IceCv)
  2 slaves (D:6)
  35 fungi
  6 plants
152 creatures vanquished.

Grand Total: 1700 creatures vanquished

Notes
Turn   | Place    | Note
--------------------------------------------------------------
     0 | D:1      | xeno23 the Tengu Air Elementalist began the quest for the Orb.
     0 | D:1      | Reached XP level 1. HP: 10/10 MP: 4/4
    71 | D:1      | Reached XP level 2. HP: 13/15 MP: 0/6
   429 | D:1      | Reached XP level 3. HP: 11/19 MP: 2/7
   580 | D:2      | Noticed Jessica
   586 | D:2      | Killed Jessica
   676 | D:2      | Noticed Robin
   677 | D:2      | Reached XP level 4. HP: 24/24 MP: 1/9
   699 | D:2      | Killed Robin
   781 | D:2      | Learned a level 2 spell: Swiftness
   785 | D:2      | Learned a level 2 spell: Repel Missiles
   789 | D:2      | Learned a level 3 spell: Static Discharge
   818 | D:2      | Reached skill level 5 in Air Magic
  1204 | D:2      | Gained mutation: You can fly. [Tengu growth]
  1204 | D:2      | Reached XP level 5. HP: 28/28 MP: 4/10
  2029 | D:4      | Noticed a phantom
  2061 | D:4      | Killed a phantom
  2061 | D:4      | Reached skill level 6 in Air Magic
  2061 | D:4      | Reached XP level 6. HP: 24/32 MP: 0/12
  2209 | D:4      | Noticed a black bear
  2220 | D:4      | Killed a black bear
  2220 | D:4      | Reached skill level 5 in Conjurations
  2223 | D:4      | Reached XP level 7. HP: 25/36 MP: 1/14
  2543 | D:4      | Found a snail-covered altar of Cheibriados.
  2548 | D:4      | Found a basalt altar of Yredelemnul.
  2553 | D:4      | Found a shimmering altar of Xom.
  2553 | D:4      | Found a bloodstained altar of Trog.
  2553 | D:4      | Found a stormy altar of Qazlal.
  2553 | D:4      | Found a shadowy altar of Dithmenos.
  2842 | D:5      | Entered Level 5 of the Dungeon
  2864 | D:5      | Reached skill level 7 in Air Magic
  3275 | D:5      | Reached skill level 5 in Spellcasting
  3275 | D:5      | Reached XP level 8. HP: 35/41 MP: 9/16
  3381 | D:5      | Reached skill level 8 in Air Magic
  3845 | D:6      | Found a staircase to the Ecumenical Temple.
  3857 | D:6      | Got a dazzling spear
  3858 | D:6      | Identified the +9 spear of True Grit {speed, Stlth+} (You found it on level 6 of the Dungeon)
  3865 | Temple   | Entered the Ecumenical Temple
  4353 | D:6      | Noticed Pikel
  4388 | D:6      | Killed Pikel
  4388 | D:6      | Reached skill level 9 in Air Magic
  4568 | D:6      | Reached XP level 9. HP: 26/45 MP: 19/19
  5314 | D:6      | Learned a level 5 spell: Lightning Bolt
  5714 | D:7      | Reached skill level 10 in Air Magic
  5965 | D:7      | Found Muamn's Book Shop.
  5977 | D:7      | Reached skill level 1 in Fighting
  7122 | D:8      | Reached XP level 10. HP: 35/56 MP: 16/21
  7137 | D:8      | Found a staircase to the Lair.
  7660 | D:8      | Reached skill level 5 in Dodging
  7848 | D:8      | Reached skill level 10 in Conjurations
  7969 | D:8      | Found Byoczougri's Jewellery Shop.
  8102 | D:8      | Found a glowing golden altar of the Shining One.
  8103 | D:8      | Found a glowing silver altar of Zin.
  8104 | D:8      | Found a white marble altar of Elyvilon.
  8361 | D:9      | Noticed Joseph
  8638 | D:9      | Reached skill level 11 in Air Magic
  8669 | D:9      | Found an opulent altar of Gozag.
  8975 | D:9      | Paralysed by Joseph for 2 turns
  8984 | D:9      | Killed Joseph
  9086 | D:9      | Found a radiant altar of Vehumet.
  9087 | D:9      | Found a shattered altar of Ashenzari.
  9106 | D:10     | Entered Level 10 of the Dungeon
  9119 | D:10     | Found Duaxtaw's Food Emporium.
  9126 | D:10     | Reached skill level 5 in Fighting
  9190 | D:10     | You fall through a shaft for 3 floors!
  9191 | D:13     | Noticed a tengu warrior
  9381 | D:12     | Noticed Rupert
  9387 | D:12     | Noticed Kirke
  9394 | D:12     | Noticed a harpy
  9394 | D:12     | Noticed a harpy
  9395 | D:12     | Noticed a sphinx
  9440 | D:12     | Noticed Frances
  9526 | D:12     | Found a labyrinth entrance.
  9535 | Lab      | Entered a labyrinth
  9731 | Lab      | Noticed a minotaur
  9734 | Lab      | Killed a minotaur
  9734 | Lab      | Reached XP level 11. HP: 62/64 MP: 21/23
 10156 | D:9      | Became a worshipper of Vehumet
 10204 | D:10     | Noticed a hill giant
 10211 | D:10     | Killed a hill giant
 10874 | Lair:1   | Entered Level 1 of the Lair of Beasts
 10900 | Lair:1   | Noticed Harold
 10916 | Lair:1   | Killed Harold
 11246 | Lair:1   | Reached skill level 12 in Air Magic
 11375 | Lair:1   | Learned a level 6 spell: Freezing Cloud
 11418 | Lair:1   | Reached skill level 1 in Ice Magic
 11561 | Lair:1   | Learned a level 3 spell: Conjure Flame
 11666 | Lair:1   | Learned a level 3 spell: Mephitic Cloud
 12225 | Lair:1   | Reached * piety under Vehumet
 12225 | Lair:1   | Offered knowledge of Sandblast by Vehumet.
 12227 | Lair:1   | Reached XP level 12. HP: 55/72 MP: 9/25
 13532 | Lair:2   | Reached ** piety under Vehumet
 13532 | Lair:2   | Offered knowledge of Searing Ray by Vehumet.
 14145 | Lair:3   | Noticed a death yak
 14145 | Lair:3   | Noticed a death yak
 14145 | Lair:3   | Noticed a death yak
 14420 | Lair:3   | Noticed Snorg
 14743 | Lair:3   | Found a hole to the Spider Nest.
 14819 | Lair:3   | Killed Snorg
 14987 | Lair:3   | Killed a death yak
 14987 | Lair:3   | Reached skill level 10 in Dodging
 14992 | Lair:3   | Killed a death yak
 14992 | Lair:3   | Reached skill level 5 in Ice Magic
 14992 | Lair:3   | Reached XP level 13. HP: 75/80 MP: 3/27
 14997 | Lair:3   | Killed a death yak
 15638 | Lair:4   | Reached skill level 1 in Shields
 15648 | Lair:4   | Offered knowledge of Throw Frost by Vehumet.
 15821 | Lair:4   | Found an opulent altar of Gozag.
 16050 | Lair:4   | Reached *** piety under Vehumet
 16141 | Lair:4   | Got a glittering silver ring
 16179 | Lair:4   | Reached skill level 13 in Air Magic
 16580 | Lair:4   | Identified the ring of Dyocwi {rPois rF+ MP-9 Int+3 Dex+3} (You found it on level 4 of the Lair of Beasts)
 16865 | Lair:5   | Noticed tp1's ghost (journeyman DECj)
 16973 | Lair:5   | Offered knowledge of Airstrike by Vehumet.
 17305 | Lair:5   | HP: 4/81 [elephant (17)]
 17622 | Lair:5   | Found a staircase to the Swamp.
 18448 | Lair:6   | Reached **** piety under Vehumet
 18531 | Lair:6   | Offered knowledge of Sticky Flame by Vehumet.
 18567 | Lair:6   | Reached skill level 10 in Fighting
 18785 | Lair:6   | Killed tp1's ghost
 18837 | Lair:6   | Got a blackened mace
 19025 | Lair:6   | Identified the +3 mace of Fate {elec, MP-9 Int+5 Stlth+} (You found it on level 6 of the Lair of Beasts)
 19313 | Lair:7   | Gained mutation: You can fly continuously. [Tengu growth]
 19313 | Lair:7   | Reached XP level 14. HP: 48/88 MP: 5/28
 19579 | Lair:7   | Reached ***** piety under Vehumet
 19679 | Lair:7   | Offered knowledge of Orb of Destruction by Vehumet.
 19823 | Lair:7   | Learned a level 7 spell: Orb of Destruction
 19868 | Lair:7   | Found a burning altar of Makhleb.
 20060 | Lair:7   | Found a blossoming altar of Fedhas.
 20332 | Lair:7   | Reached skill level 10 in Spellcasting
 20343 | Lair:7   | Found a staircase to the Slime Pits.
 20375 | Lair:7   | Found a viscous altar of Jiyva.
 20515 | Lair:7   | Got a twisted mace
 20547 | Lair:8   | Entered Level 8 of the Lair of Beasts
 20555 | Lair:8   | Identified the cursed +0 mace "Dragon's Tongue" {crush, +Inv rC+++ Int-5 Dex+2} (You found it on level 7 of the Lair of Beasts)
 20783 | Lair:8   | Reached skill level 14 in Air Magic
 21279 | Lair:8   | Offered knowledge of Irradiate by Vehumet.
 21279 | Lair:8   | Reached XP level 15. HP: 52/96 MP: 11/30
 21846 | Lair:8   | Identified Sif Muna's Grimoire of Companions
 22136 | D:8      | Bought the ring "Nuix" {+Inv rC+ MP+9 Int+8 Dex-5} for 543 gold pieces
 22649 | D:12     | Killed Rupert
 22790 | D:12     | Killed Kirke
 23483 | D:12     | Found a staircase to the Orcish Mines.
 24099 | Orc:1    | Entered Level 1 of the Orcish Mines
 24429 | Orc:1    | Found a roughly hewn altar of Beogh.
 24484 | Orc:1    | Found Sairchomu's Distillery.
 24494 | Orc:1    | Bought a potion of cancellation for 96 gold pieces
 24494 | Orc:1    | Bought a potion of magic for 96 gold pieces
 24494 | Orc:1    | Bought a potion of magic for 96 gold pieces
 24494 | Orc:1    | Bought 2 potions of curing for 72 gold pieces
 25257 | Orc:3    | Found Katolataa's Quality Used Wands.
 25348 | Orc:3    | Offered knowledge of Bolt of Draining by Vehumet.
 25692 | Orc:4    | Entered Level 4 of the Orcish Mines
 25994 | Orc:4    | Paralysed by an orc sorcerer for 2 turns
 26210 | Orc:4    | Found a staircase to the Elven Halls.
 26317 | Orc:4    | Found a roughly hewn altar of Beogh.
 26373 | Orc:4    | Found Ijiomyd's Distillery.
 26383 | Orc:4    | Bought a potion of poison for 10 gold pieces
 26383 | Orc:4    | Bought a potion of brilliance for 40 gold pieces
 26384 | Orc:4    | Bought a potion of curing for 30 gold pieces
 26384 | Orc:4    | Bought a potion of curing for 30 gold pieces
 26532 | Orc:4    | Offered knowledge of Conjure Ball Lightning by Vehumet.
 26579 | Orc:4    | Found a roughly hewn altar of Beogh.
 26731 | Orc:4    | Found a roughly hewn altar of Beogh.
 26824 | Orc:4    | Found a roughly hewn altar of Beogh.
 26834 | Orc:4    | Found Cang's Weapon Emporium.
 27031 | Orc:4    | Reached ****** piety under Vehumet
 27035 | Orc:4    | Found Cieroladd's Antique Weapon Boutique.
 27051 | Orc:4    | Found Bezoig's Antique Armour Shop.
 27055 | Orc:4    | Found a roughly hewn altar of Beogh.
 27108 | Orc:4    | Bought a crystal spear for 200 gold pieces
 27108 | Orc:4    | Identified the +9 spear "Neheapp" {pierce, *Noise +Fly rPois rC+} (You bought it in a shop on level 4 of the Orcish Mines)
 27468 | Lair:1   | Gained mutation: You are clumsy. (Dex -2) [potion of mutation]
 27468 | Lair:1   | Gained mutation: Armour fits poorly on your strangely shaped body. [potion of mutation]
 27471 | Lair:1   | Lost mutation: You are clumsy. (Dex -2) [potion of cure mutation]
 27471 | Lair:1   | Lost mutation: Armour fits poorly on your strangely shaped body. [potion of cure mutation]
 27568 | Spider:1 | Entered Level 1 of the Spider Nest
 28510 | Spider:1 | Reached XP level 16. HP: 96/103 MP: 32/32
 28518 | Spider:1 | Learned a level 6 spell: Conjure Ball Lightning
 28726 | Spider:1 | Offered knowledge of Poison Arrow by Vehumet.
 29636 | Spider:2 | Got a scorched fire dragon armour
 30201 | Spider:2 | Identified the +8 fire dragon armour of the Gardener {rF++ rC- MR+} (You found it on level 2 of the Spider Nest)
 30371 | Spider:2 | Reached skill level 1 in Staves
 30883 | Spider:3 | Found a frozen archway.
 30942 | IceCv    | Entered an ice cave
 31401 | IceCv    | Reached skill level 15 in Air Magic
 31907 | IceCv    | Offered knowledge of Bolt of Cold by Vehumet.
 32623 | IceCv    | Identified Efoka's Compendium of Bewitching Sinister Rites
 32645 | IceCv    | Got a dazzling ring mail
 32649 | IceCv    | Got a pair of twisted gloves
 32664 | IceCv    | Identified the +4 ring mail of the Bard {rPois rC- rN+++ Dex-5} (You found it in an ice cave)
 32684 | IceCv    | Identified the +0 pair of gloves "Giecwull" {+Fly rElec rF+ Int-3} (You found it in an ice cave)
 33485 | Spider:3 | Reached skill level 15 in Conjurations
 33917 | Spider:3 | Offered knowledge of Delayed Fireball by Vehumet.
 34327 | Spider:4 | Entered Level 4 of the Spider Nest
 34570 | Spider:4 | Reached XP level 17. HP: 106/109 MP: 28/35
 34615 | Spider:4 | Noticed Louise
 34623 | Spider:4 | Killed Louise
 35236 | Spider:4 | Got a jewelled ring mail
 35535 | Spider:4 | Reached skill level 16 in Air Magic
 36783 | Spider:4 | Got a gossamer rune of Zot
 37250 | Lair:1   | Upgraded the game from 0.17.0-23-g0de4337 to 0.17.0-24-gcfadda4
 37279 | Lair:1   | Identified the +1 ring mail of the Vacuum {*Corrode Int+6} (You found it on level 4 of the Spider Nest)
 37297 | Lair:1   | Learned a level 3 spell: Regeneration
 37433 | Swamp:1  | Entered Level 1 of the Swamp
 37456 | Swamp:1  | Offered knowledge of Fire Storm by Vehumet.
 37456 | Swamp:1  | Offered knowledge of Glaciate by Vehumet.
 37456 | Swamp:1  | Offered knowledge of Tornado by Vehumet.
 39065 | Swamp:2  | Reached XP level 18. HP: 116/116 MP: 20/37
 39326 | Swamp:3  | Noticed a tentacled monstrosity
 39340 | Swamp:3  | Noticed Mara
 39353 | Swamp:3  | Killed a tentacled monstrosity
 39360 | Swamp:3  | Noticed xeno23's illusion
 39553 | Swamp:2  | Reached skill level 15 in Dodging
 39668 | Swamp:3  | Reached skill level 15 in Spellcasting
 39817 | Swamp:3  | Noticed Donald
 39825 | Swamp:3  | Killed Donald
 40144 | Swamp:3  | Identified the Guide on Icy Conjuration
 40186 | Swamp:3  | Noticed xeno23's illusion
 40665 | Swamp:4  | Entered Level 4 of the Swamp
 41974 | Swamp:4  | Noticed a bone dragon
 42157 | Swamp:4  | Killed a bone dragon
 42157 | Swamp:4  | Reached skill level 17 in Air Magic
 42944 | Swamp:4  | Got a decaying rune of Zot
 43025 | Swamp:3  | Noticed xeno23's illusion
 43230 | Swamp:3  | Killed Mara
 44145 | D:12     | Killed Frances
 44233 | D:13     | Noticed a cyclops
 44236 | D:13     | Killed a cyclops
 44238 | D:13     | Noticed Josephine
 44242 | D:13     | Killed Josephine
 44243 | D:13     | Noticed a griffon
 44347 | D:13     | Killed a griffon
 44518 | D:13     | Killed a tengu warrior
 44518 | D:13     | Reached XP level 19. HP: 122/122 MP: 21/39
 44569 | D:13     | Found a glowing golden altar of the Shining One.
 44997 | D:14     | Reached skill level 1 in Polearms
 45419 | D:14     | Got a faintly glowing chain mail
 45655 | D:14     | Found a gate to the Vaults.
 46085 | D:15     | Entered Level 15 of the Dungeon
 46156 | D:15     | Got a dazzling long sword
 46157 | D:15     | Identified the +10 long sword of Ytruniti {freeze, *Rage +Blink rF++ rN+} (You found it on level 15 of the Dungeon)
 46169 | D:15     | Identified the cursed +0 chain mail "Vutaad" {*Confuse rCorr Str+3 SInv} (You found it on level 14 of the Dungeon)
 46885 | D:15     | Found a shadowy altar of Dithmenos.
 47086 | D:15     | Reached skill level 5 in Polearms
 47231 | D:15     | Found a staircase to the Depths.
 47447 | Vaults:1 | Entered Level 1 of the Vaults
 47539 | Vaults:1 | Noticed Nikola
 47550 | Vaults:1 | Killed Nikola
 47705 | Vaults:1 | Noticed BLOAX's ghost (journeyman FeCK)
 47715 | Vaults:1 | Killed BLOAX's ghost
 47726 | Vaults:1 | Paralysed by an ogre mage for 2 turns
 47733 | Vaults:1 | Slain by a boulder beetle

Action                   |  1- 3 |  4- 6 |  7- 9 | 10-12 | 13-15 | 16-18 | 19-21 || total
-------------------------+-------+-------+-------+-------+-------+-------+-------++-------
Melee: Unarmed           |    12 |    29 |       |       |       |       |       ||    41
       Dagger            |       |    14 |    13 |       |       |       |       ||    27
       Spear             |       |       |    17 |   232 |   792 |  1213 |       ||  2254
       Mace              |       |       |       |       |     4 |       |       ||     4
       Staff             |       |       |       |       |       |     2 |       ||     2
       Demon trident     |       |       |       |       |       |    18 |   300 ||   318
Throw: Javelin           |       |       |       |     3 |       |     3 |       ||     6
 Cast: Shock             |    43 |   116 |   285 |   386 |   636 |   315 |   117 ||  1898
       Repel Missiles    |       |     1 |     2 |       |       |     1 |     1 ||     5
       Static Discharge  |       |     1 |    24 |    79 |   124 |   134 |    24 ||   386
       Lightning Bolt    |       |       |     8 |    64 |    55 |   151 |    25 ||   303
       Mephitic Cloud    |       |       |       |    20 |    47 |   102 |     5 ||   174
       Conjure Flame     |       |       |       |    12 |    28 |     2 |       ||    42
       Freezing Cloud    |       |       |       |       |    72 |    69 |    20 ||   161
       Orb of Destructio |       |       |       |       |       |    85 |     4 ||    89
       Regeneration      |       |       |       |       |       |    27 |    13 ||    40
       Conjure Ball Ligh |       |       |       |       |       |    28 |    16 ||    44
 Abil: Fly               |       |       |    12 |    22 |    10 |     5 |       ||    49
       Evoke Fog         |       |       |       |     1 |     1 |       |       ||     2
       Stop Flying       |       |       |       |       |       |     1 |       ||     1
Evoke: Wand              |       |     1 |     2 |     4 |     5 |     6 |     2 ||    20
  Use: Scroll            |       |     1 |     3 |    28 |    13 |    10 |     5 ||    60
       Potion            |       |       |       |     4 |     4 |     5 |       ||    13
 Stab: Sleeping          |     1 |     1 |     1 |     2 |     5 |     2 |     1 ||    13
       Confused          |       |       |       |    11 |    27 |    81 |     3 ||   122
       Petrified         |       |       |       |       |     1 |       |       ||     1
       Distracted        |       |       |       |       |     1 |     1 |     2 ||     4
  Eat: Chunk             |       |     5 |    19 |    25 |    50 |    28 |    13 ||   140
       Pizza             |       |       |     1 |     1 |     2 |     1 |     1 ||     6
       Bread ration      |       |       |       |     3 |     4 |     8 |       ||    15
       Royal jelly       |       |       |       |     1 |       |       |       ||     1
       Fruit             |       |       |       |     1 |     2 |     1 |       ||     4
       Beef jerky        |       |       |       |     1 |       |     3 |       ||     4
       Meat ration       |       |       |       |       |       |     4 |       ||     4
